 Dungeon Crawl Stone Soup version 0.31-a0-151-ge443d1f16c (webtiles) character file.

Game seed: 359947596912843362

198143 qw the Crack Shot (level 17, -9/173 HPs)
             Began as a Minotaur Hunter on June 8, 2023.
             Was an Elder of Okawaru.
             Mangled by a saltling (13 damage)
             ... in the Desolation of Salt.
             The game lasted 00:17:01 (30822 turns).

qw the Crack Shot (Minotaur Hunter)                Turns: 30822, Time: 00:17:01

Health: -9/173     AC: 15    Str: 18    XL:     17   Next: 80%
Magic:  23/23      EV: 32    Int:  6    God:    Okawaru [****..]
Gold:   365        SH:  0    Dex: 20    Spells: 16/16 levels left

rFire   + . .        x - +2 triple crossbow (freeze)
rCold   + . .        (shield currently unavailable)
rNeg    . . .        c - +0 troll leather armour
rPois   .            k - +2 hat
rElec   .            q - scarf {rC+ rF+}
rCorr   .            l - +2 pair of gloves
SInv    +            b - +1 pair of boots
Will    +....        u - amulet of faith
Stlth   +++          a - +5 ring of evasion
HPRegen 1.28/turn    e - ring of see invisible
MPRegen 0.18/turn

%: faith
@: heroic, slowed, very slow
A: horns 2, retaliatory headbutt
}: 1/15 runes: barnacled
a: Renounce Religion, Heroism, Finesse


You were in the Desolation of Salt.
You worshipped Okawaru.
Okawaru was greatly pleased with you.
You visited 7 branches of the dungeon, and saw 31 of its levels.
You also visited: Desolation.

You collected 3447 gold pieces.
You spent 3082 gold pieces at shops.


Innate Abilities, Weirdness & Mutations

You have a pair of horns on your head.
You reflexively headbutt those who attack you in melee.


   Skills:
 - Level 21.0(26.0) Fighting
 - Level 22.0(27) Ranged Weapons
 - Level 10.0(15.0) Armour
 + Level 16.0(21.0) Dodging
 - Level 0.7(5.7) Stealth
 - Level 10.0 Invocations


You had 16 spell levels left.
You didn't know any spells.
Your spell library was empty.

Inventory:

Hand Weapons
 t - a +6 longbow of flaming
 x - a +2 triple crossbow of freezing (weapon)
Armour
 b - a +1 pair of boots (worn)
 c - a +0 troll leather armour (worn)
 k - a +2 hat (worn)
 l - a +2 pair of gloves (worn)
 n - a +0 cloak
 q - a scarf of resistance (worn)
Jewellery
 a - a +5 ring of evasion (left hand)
 e - a ring of see invisible (right hand)
 s - a ring of fire
 u - an amulet of faith (around neck)
 v - an amulet of regeneration
 w - a ring of protection from fire
 Y - a +4 ring of protection
Wands
 j - a wand of digging (7)
Scrolls
 f - 23 scrolls of identify
Potions
 d - a potion of mutation
 g - 8 potions of curing
 h - 3 potions of resistance
 o - 5 potions of haste
 r - a potion of might

Dungeon Overview and Level Annotations

Branches:
Dungeon (15/15)            Temple (1/1) D:4            Lair (5/5) D:11
 Shoals (4/4) Lair:3       Spider (3/4) Lair:3        Slime (0/5) Lair:5
    Orc (2/2) D:11            Elf (0/3) Orc:2        Vaults (1/5) D:13
 Depths (0/4) D:15        Desolation (1/1)

Altars:
Ashenzari
Cheibriados
Dithmenos
Elyvilon
Fedhas
Gozag
Hepliaklqana
Kikubaaqudgha
Makhleb
Nemelex Xobeh
Okawaru
Qazlal
Ru
Sif Muna
Trog
Uskayaw
Vehumet
Wu Jian
Xom
Yredelemnul
Zin
The Shining One
Jiyva

Shops:
D:3 *   D:8 [   Orc:1 [!:=   Orc:2 ?=!*[   Shoals:3 =   Shoals:4 :

Annotations:
D:12 1 runed translucent door, collin38's ghost, journeyman MiBe
Lair:2 3 runed translucent doors, qw's ghost, journeyman GrFi
Shoals:1 3 runed translucent doors, qw's ghost, adept MiHu
Shoals:3 1 runed translucent door, Kaerusk's ghost, adept KoBe


Message History

The ragged hierophant closely misses you.
30820 ||| DRINKING 9 potions of curing.
You feel better.
30820 ||| (to cure confusion)
The saltling barely misses you. You furiously retaliate!
You headbutt the saltling!
You destroy the saltling!
Okawaru accepts your kill. The saltling misses you.
The imperial myrmidon closely misses you.
You furiously retaliate!
You headbutt the imperial myrmidon! The saltling completely misses you.
The saltling misses you.
The saltling hits you but does no damage.
The ragged hierophant completely misses you.
You furiously retaliate!
You headbutt the ragged hierophant!
The imperial myrmidon completely misses you.
The saltling misses you. The saltling completely misses you.
You furiously retaliate!
You headbutt the saltling.
30821 ||| Stepping ~*~*~tactically~*~*~ (outnumbered).
The saltling attacks as you move away! The saltling closely misses you.
You furiously retaliate!
You headbutt the saltling! The saltling completely misses you.
The ragged hierophant gestures wildly while chanting.
The ragged hierophant begins to accept its allies' injuries.
The saltling closely misses you. The saltling completely misses you.
The imperial myrmidon gestures at you while chanting.
Your body is wracked with pain!
The ragged hierophant gestures wildly while chanting.
The ragged hierophant begins to accept its allies' injuries.
The saltling closely misses you.
You shoot a bolt. The bolt hits the saltling.
The bolt freezes the saltling.
The saltling is heavily damaged.
The saltling misses you.
A saltling comes into view.
The imperial myrmidon closely misses you.
You furiously retaliate!
You headbutt the imperial myrmidon! The saltling misses you.
The ragged hierophant casts a spell at you.
A blast of power from the earth and the saltlings strikes you!
The saltling hits you!
You die...

¤
.............##
¤
.............##
¤
.9..........##
# ..8........##
¤ ##.##......##
#.a9#......##
#S99a....##
#9.#a9....## #9
#@9....## 9a
#......## .9
#......## ..
#......## .
#......##
#......##
.##......##
.........##
.........##


You could see a ragged hierophant, an imperial myrmidon (sheltered) and 6
saltlings.

Vanquished Creatures
  Jorgrun (Orc:1)
  Frances (Shoals:1)
  Kirke (Shoals:2)
  2 krakens
  A ghost moth (Spider:2)
  3 emperor scorpions
  An imperial myrmidon (Desolation)
  2 orc warlords
  Nessos (D:13)
  3 spark wasps (Spider:2)
  6 merfolk impalers
  2 merfolk javelineers (Shoals:4)
  2 entropy weavers
  3 ragged hierophants (Desolation)
  Erolcha (D:13)
  Fannar (Orc:1)
  2 servants of whispers (Desolation)
  Harold (Orc:1)
  5 peacekeepers (Desolation)
  A catoblepas (D:15)
  2 ogre magi (Orc:2)
  5 merfolk aquamancers
  3 merfolk avatars (Shoals:4)
  A radroach (Spider:2)
  An alligator snapping turtle (Shoals:4)
  8 centaur warriors
  7 boulder beetles
  14 two-headed ogres
  7 demonic crawlers
  A satyr (Shoals:4)
  6 death yaks
  An orc high priest (Orc:1)
  Urug (Orc:1)
  A sun moth (Spider:3)
  Sonja (Orc:1)
  A shadow wraith (D:13)
  3 skysharks
  4 orb spiders
  5 steelbarb worms
  9 sea snakes
  2 deep trolls (Orc:2)
  Lodul (D:10)
  2 orange crystal statues (D:12)
  2 wizards (D:15)
  7 harpies
  2 ironbound convokers (Desolation)
  Pikel (D:7)
  3 orc knights
  3 orc sorcerers
  A necromancer (D:15)
  7 ugly things
  A deep elf zephyrmancer (D:15)
  2 deep elf pyromancers
  11 wolf spiders
  9 fauns
  9 cyclopes
  A moth of wrath (Spider:3)
  An oklob plant (Lair:5)
  4 guardian serpents
  15 manticores
  17 elephants
  2 centaur zombies (D:15)
  9 black mambas
  9 merfolk sirens
  3 water nymphs
  A molten gargoyle (D:13)
  6 torpor snails
  18 cane toads
  4 komodo dragons
  A centaur skeleton (D:15)
  5 yaktaurs (D:15)
  A komodo dragon (shapeshifter) (D:15)
  An unseen horror (shapeshifter) (D:13)
  5 rime drakes
  3 wind drakes
  4 polar bears
  15 trolls
  29 saltlings
  16 blink frogs
  19 merfolk
  4 hornets
  15 tarantellas
  Grinder (D:3)
  5 snapping turtles
  5 dream sheep (Shoals:1)
  12 jumping spiders
  2 centaur simulacra (D:15)
  12 slime creatures
  3 shadows
  9 culicivoras
  3 wraiths
  11 wyverns
  3 water elementals
  6 hogs (Shoals:2)
  Eustachio (D:5)
  3 steam dragons
  Grum (D:10)
  49 yaks
  3 basilisks
  22 redbacks
  17 vampire mosquitoes
  Edmund (D:5)
  Menkaure (D:7)
  A warg (Orc:2)
  22 water moccasins
  2 acid dragons
  25 orc warriors
  4 black bears
  2 ice beasts (D:6)
  2 sky beasts
  16 centaurs
  A boggart (shapeshifter) (D:13)
  10 wolves
  30 ogres
  2 phantoms
  A gnoll sergeant (D:8)
  9 bullfrogs
  5 scorpions
  A hornet simulacrum (D:15)
  11 killer bees
  9 howler monkeys
  10 electric eels
  4 lava snakes (D:13)
  5 hounds
  2 gnoll boudas
  16 orc priests
  2 jellies
  Ijyb (D:5)
  An iguana (D:6)
  Natasha (thrice) (D:3)
  25 orc wizards
  9 hell rats (Lair:1)
  11 adders
  15 gnolls
  15 river rats (Lair:1)
  3 shadow imps
  3 white imps
  An ufetubus (D:6)
  2 worms
  8 dart slugs
  66 orcs
  8 ball pythons
  11 endoplasms
  4 giant cockroaches
  17 goblins
  10 hobgoblins
  4 jackals (D:1)
  6 kobolds
  9 quokkas
  5 bats
  9 frilled lizards
  20 rats
  7 tentacles
1027 creatures vanquished.

Vanquished Creatures (others)
  A yak (D:9)
  15 tentacles
16 creatures vanquished.

Grand Total: 1043 creatures vanquished

Notes
Turn   | Place    | Note
-------+----------+-------------------------------------------
     0 | D:1      | qw the Minotaur Hunter began the quest for the Orb.
     0 | D:1      | Reached XP level 1. HP: 18/18 MP: 0/0
     0 | D:1      | 0 ||| qw: Version: 0.2-a-120-gdf1a93b
     0 | D:1      | 0 ||| qw: Game counter: 3063
     0 | D:1      | 0 ||| qw: Always use a shield: true
     0 | D:1      | 0 ||| qw: God list: Okawaru
     0 | D:1      | 0 ||| qw: Allow faded altars: false
     0 | D:1      | 0 ||| qw: Do Orc after D:15 true
     0 | D:1      | 0 ||| qw: Do second Lair branch before Depths: true
     0 | D:1      | 0 ||| qw: Lair rune preference: random
     0 | D:1      | 0 ||| qw: Plans: Normal
     0 | D:1      | 0 ||| PLANNING D:1-11
   163 | D:1      | Reached XP level 2. HP: 22/25 MP: 1/1
   205 | D:1      | Reached skill level 5 in Ranged Weapons
   224 | D:1      | Reached skill level 3 in Fighting
   372 | D:1      | Reached XP level 3. HP: 28/31 MP: 2/2
  1052 | D:1      | 1052 ||| UPGRADING to +4 ring of protection.
  1053 | D:1      | 1053 ||| READING scroll labelled EWAREANTYUKU.
  1056 | D:1      | 1056 ||| READING 2 scrolls labelled MAXZIAMIGAO.
  1057 | D:1      | 1057 ||| READING scroll labelled KEMIXY MINU.
  1058 | D:1      | 1058 ||| READING scroll labelled ODAEM XIUTAPN.
  1059 | D:1      | 1059 ||| DROPPING scroll of butterflies.
  1061 | D:1      | 1061 ||| Stepping ~*~*~tactically~*~*~ (cloud).
  1067 | D:1      | HP: 7/31 [poisoned by you (poison gas)]
  1292 | D:2      | Found a faded altar of an unknown god.
  1305 | D:2      | Reached XP level 4. HP: 38/38 MP: 3/3
  1336 | D:2      | Reached skill level 6 in Ranged Weapons
  1717 | D:2      | 1717 ||| UPGRADING to +0 pair of boots.
  1722 | D:2      | 1722 ||| UPGRADING to +0 cloak.
  1727 | D:2      | 1727 ||| UPGRADING to +0 ring mail.
  1737 | D:2      | 1737 ||| DROPPING +0 leather armour.
  1738 | D:2      | 1738 ||| UPGRADING to ring of protection from cold.
  1770 | D:3      | 1770 ||| FLEEEEING.
  1771 | D:3      | 1771 ||| FLEEEEING.
  1772 | D:3      | 1772 ||| FLEEEEING.
  1773 | D:3      | 1773 ||| FLEEEEING.
  1775 | D:3      | 1775 ||| FLEEEEING.
  1776 | D:3      | 1776 ||| FLEEEEING.
  1777 | D:3      | 1777 ||| FLEEEEING.
  1778 | D:3      | 1778 ||| STAIRDANCE
  1815 | D:2      | 1815 ||| DRINKING 3 bubbling clear potions.
  1816 | D:2      | 1816 ||| DROPPING 2 potions of degeneration.
  1820 | D:3      | 1820 ||| STAIRDANCE
  1865 | D:3      | Reached XP level 5. HP: 34/46 MP: 4/4
  1946 | D:3      | Noticed Natasha
  1951 | D:3      | Killed Natasha
  2069 | D:3      | Noticed Natasha
  2077 | D:3      | Killed Natasha
  2172 | D:3      | 2172 ||| FLEEEEING.
  2174 | D:3      | 2174 ||| FLEEEEING.
  2188 | D:3      | 2188 ||| FLEEEEING.
  2189 | D:3      | 2189 ||| FLEEEEING.
  2190 | D:3      | 2190 ||| FLEEEEING.
  2191 | D:3      | 2191 ||| FLEEEEING.
  2192 | D:3      | 2192 ||| FLEEEEING.
  2193 | D:3      | 2193 ||| FLEEEEING.
  2284 | D:3      | Reached skill level 7 in Ranged Weapons
  2398 | D:3      | Noticed Grinder
  2403 | D:3      | Found Hiavitri's Assorted Antiques.
  2410 | D:3      | Killed Grinder
  2411 | D:3      | Reached skill level 8 in Ranged Weapons
  2411 | D:3      | Reached XP level 6. HP: 29/52 MP: 5/5
  2500 | D:3      | 2500 ||| BUYING large moonstone ring (140 gold).
  2500 | D:3      | Bought a large moonstone ring for 140 gold pieces
  2500 | D:3      | 2500 ||| BUYING orange potion (25 gold).
  2500 | D:3      | Bought an orange potion for 25 gold pieces
  2500 | D:3      | 2500 ||| BUYING scroll labelled DOPIMY RERATE (28 gold).
  2500 | D:3      | Bought a scroll labelled DOPIMY RERATE for 28 gold pieces
  2500 | D:3      | 2500 ||| SHOPLISTING twisted wooden wand (112 gold, have
                  | 40).
  2583 | D:3      | Noticed Natasha
  2585 | D:3      | Killed Natasha
  2588 | D:3      | 2588 ||| READING scroll labelled RUQOIN ZUIKH.
  2589 | D:3      | 2589 ||| READING scroll labelled DOPIMY RERATE.
  2590 | D:3      | 2590 ||| DRINKING 2 orange potions.
  2591 | D:3      | 2591 ||| READING 2 scrolls of identify.
  2591 | D:3      | 2591 ||| IDENTIFYING fuming orange potion
  2592 | D:3      | 2592 ||| DROPPING potion of magic.
  2618 | D:4      | Found a sacrificial altar of Ru.
  2677 | D:4      | Reached XP level 7. HP: 53/61 MP: 6/6
  2680 | D:4      | 2680 ||| FLEEEEING.
  2820 | D:4      | 2820 ||| Stepping ~*~*~tactically~*~*~ (outnumbered).
  2825 | D:4      | Reached skill level 3 in Dodging
  3016 | D:4      | Found a staircase to the Ecumenical Temple.
  3017 | D:4      | 3017 ||| PLANNING TEMPLE
  3017 | D:4      | 3017 ||| DRINKING 2 clear potions.
  3018 | D:4      | 3018 ||| READING 2 scrolls of identify.
  3018 | D:4      | 3018 ||| IDENTIFYING lumpy amethyst potion
  3035 | Temple   | Entered the Ecumenical Temple
  3036 | Temple   | 3036 ||| PLANNING OKAWARU WORSHIP
  3042 | Temple   | Became a worshipper of Warmaster Okawaru
  3042 | Temple   | 3042 ||| PLANNING D:1-11
  3103 | D:4      | Reached skill level 9 in Ranged Weapons
  3704 | D:4      | 3704 ||| READING scroll labelled TILLAO ZEKK.
  3798 | D:4      | 3798 ||| READING 4 scrolls of identify.
  3798 | D:4      | 3798 ||| IDENTIFYING brown potion
  3799 | D:4      | 3799 ||| READING 3 scrolls of identify.
  3799 | D:4      | 3799 ||| IDENTIFYING black potion
  3800 | D:4      | 3800 ||| READING 2 scrolls of identify.
  3800 | D:4      | 3800 ||| IDENTIFYING pink potion
  3801 | D:4      | 3801 ||| DROPPING potion of berserk rage.
  3802 | D:4      | 3802 ||| DROPPING potion of lignification.
  3819 | D:5      | Entered Level 5 of the Dungeon
  3819 | D:5      | Noticed Eustachio
  3845 | D:5      | Killed Eustachio
  3846 | D:5      | Reached skill level 6 in Fighting
  3846 | D:5      | 3846 ||| FLEEEEING.
  3847 | D:5      | 3847 ||| STAIRDANCE
  3884 | D:5      | Reached XP level 8. HP: 70/70 MP: 7/7
  3895 | D:5      | Reached * piety under Okawaru
  3984 | D:5      | 3984 ||| INVOKING Heroism.
  3984 | D:5      | Noticed Ijyb
  3998 | D:5      | Killed Ijyb
  4081 | D:5      | Reached skill level 10 in Ranged Weapons
  4384 | D:5      | Noticed Edmund
  4405 | D:5      | HP: 13/52 [Edmund/+3 flail of draining (2)]
  4406 | D:5      | 4406 ||| READING scroll of teleportation.
  4407 | D:5      | 4407 ||| DRINKING potion of heal wounds.
  4408 | D:5      | Killed Edmund
  4409 | D:5      | Reached skill level 3 in Armour
  4409 | D:5      | 4409 ||| INVOKING Heroism.
  4410 | D:5      | 4410 ||| INVOKING Heroism.
  4585 | D:5      | 4585 ||| Stepping ~*~*~tactically~*~*~ (outnumbered).
  4595 | D:5      | 4595 ||| INVOKING Heroism.
  4596 | D:5      | 4596 ||| INVOKING Heroism.
  4901 | D:5      | 4901 ||| INVOKING Heroism.
  5108 | D:5      | 5108 ||| INVOKING Heroism.
  5166 | D:5      | 5166 ||| UPGRADING to +0 pair of gloves.
  5171 | D:5      | 5171 ||| READING scroll labelled DUN AROWEOKO.
  5172 | D:5      | 5172 ||| READING scroll labelled SEATOL ZAH DOR.
  5173 | D:5      | 5173 ||| DRINKING 2 fizzy clear potions.
  5174 | D:5      | 5174 ||| DRINKING 4 potions of curing.
  5174 | D:5      | 5174 ||| (to cure confusion)
  5175 | D:5      | 5175 ||| DROPPING potion of ambrosia.
  5248 | D:6      | Reached skill level 11 in Ranged Weapons
  5291 | D:6      | Reached XP level 9. HP: 79/79 MP: 8/8
  5303 | D:6      | Reached skill level 1 in Invocations
  5424 | D:6      | 5424 ||| INVOKING Heroism.
  5511 | D:6      | Found a blossoming altar of Fedhas.
  5511 | D:6      | Found a sparkling altar of Nemelex Xobeh.
  5513 | D:6      | 5513 ||| INVOKING Heroism.
  5593 | D:6      | Reached skill level 3 in Invocations
  5909 | D:7      | Found a shadowy altar of Dithmenos.
  5954 | D:7      | 5954 ||| INVOKING Heroism.
  6208 | D:7      | 6208 ||| INVOKING Heroism.
  6210 | D:7      | Noticed Menkaure
  6217 | D:7      | 6217 ||| FLEEEEING.
  6218 | D:7      | 6218 ||| FLEEEEING.
  6226 | D:7      | 6226 ||| INVOKING Heroism.
  6226 | D:7      | HP: 16/79 [Menkaure/nerve-wracking pain (9)]
  6227 | D:7      | 6227 ||| READING 2 scrolls of teleportation.
  6228 | D:7      | 6228 ||| DRINKING potion of heal wounds.
  6230 | D:7      | Killed Menkaure
  6240 | D:7      | Reached skill level 12 in Ranged Weapons
  6399 | D:7      | 6399 ||| INVOKING Heroism.
  6401 | D:7      | 6401 ||| Stepping ~*~*~tactically~*~*~ (cloud).
  6407 | D:7      | 6407 ||| Stepping ~*~*~tactically~*~*~ (cloud).
  6520 | D:7      | 6520 ||| INVOKING Heroism.
  6772 | D:7      | Noticed Pikel
  6773 | D:7      | 6773 ||| INVOKING Heroism.
  6787 | D:7      | 6787 ||| INVOKING Heroism.
  6790 | D:7      | Killed Pikel
  6790 | D:7      | Reached ** piety under Okawaru
  6791 | D:7      | Reached XP level 10. HP: 78/89 MP: 8/12
  7009 | D:7      | 7009 ||| UPGRADING to +0 steam dragon scales.
  7019 | D:7      | 7019 ||| DROPPING +0 ring mail.
  7020 | D:7      | 7020 ||| DROPPING ring of flight.
  7021 | D:7      | 7021 ||| READING scroll labelled INGUALYO ELUB.
  7022 | D:7      | 7022 ||| READING scroll labelled ACEDAT ZECOIFA.
  7023 | D:7      | 7023 ||| READING 3 scrolls of identify.
  7023 | D:7      | 7023 ||| IDENTIFYING silvery potion
  7024 | D:7      | 7024 ||| READING 2 scrolls of identify.
  7024 | D:7      | 7024 ||| IDENTIFYING fuming blue potion
  7025 | D:7      | 7025 ||| DROPPING potion of attraction.
  7026 | D:7      | 7026 ||| DROPPING potion of brilliance.
  7046 | D:8      | 7046 ||| STAIRDANCE
  7146 | D:8      | 7146 ||| DRINKING 3 potions of curing.
  7146 | D:8      | 7146 ||| (to cure confusion)
  7187 | D:8      | Noticed a cyclops
  7188 | D:8      | 7188 ||| INVOKING Heroism.
  7193 | D:8      | Killed a cyclops
  7194 | D:8      | Reached skill level 6 in Dodging
  7291 | D:8      | 7291 ||| INVOKING Heroism.
  7364 | D:8      | Reached skill level 13 in Ranged Weapons
  7478 | D:8      | 7478 ||| INVOKING Heroism.
  7513 | D:8      | Found Nualo's Armour Shop.
  7522 | D:8      | 7522 ||| SHOPLISTING +0 robe of the Lotus Blossom {rElec
                  | rN+ Dex+3} (352 gold, have 260).
  7615 | D:8      | Noticed a two-headed ogre
  7616 | D:8      | 7616 ||| INVOKING Heroism.
  7632 | D:8      | Killed a two-headed ogre
  7633 | D:8      | Reached skill level 9 in Fighting
  7682 | D:8      | Found a hide-covered altar of Uskayaw.
  7944 | D:8      | 7944 ||| READING scroll labelled KEFRAU VOTHEFO.
  8045 | D:8      | 8045 ||| READING 2 scrolls of identify.
  8045 | D:8      | 8045 ||| IDENTIFYING murky ruby potion
  8046 | D:8      | 8046 ||| DROPPING potion of invisibility.
  8127 | D:9      | 8127 ||| Stepping ~*~*~tactically~*~*~ (outnumbered).
  8135 | D:9      | 8135 ||| FLEEEEING.
  8136 | D:9      | 8136 ||| FLEEEEING.
  8139 | D:9      | 8139 ||| FLEEEEING.
  8140 | D:9      | 8140 ||| FLEEEEING.
  8141 | D:9      | 8141 ||| FLEEEEING.
  8142 | D:9      | 8142 ||| FLEEEEING.
  8143 | D:9      | 8143 ||| DRINKING 2 potions of curing.
  8143 | D:9      | 8143 ||| (to cure confusion)
  8144 | D:9      | 8144 ||| FLEEEEING.
  8148 | D:9      | 8148 ||| FLEEEEING.
  8149 | D:9      | 8149 ||| FLEEEEING.
  8150 | D:9      | 8150 ||| FLEEEEING.
  8151 | D:9      | 8151 ||| FLEEEEING.
  8152 | D:9      | 8152 ||| FLEEEEING.
  8153 | D:9      | 8153 ||| FLEEEEING.
  8154 | D:9      | 8154 ||| FLEEEEING.
  8155 | D:9      | 8155 ||| FLEEEEING.
  8156 | D:9      | 8156 ||| FLEEEEING.
  8397 | D:9      | 8397 ||| Stepping ~*~*~tactically~*~*~ (outnumbered).
  8457 | D:9      | 8457 ||| INVOKING Heroism.
  8524 | D:9      | 8524 ||| INVOKING Heroism.
  8530 | D:9      | Reached skill level 14 in Ranged Weapons
  8554 | D:9      | 8554 ||| INVOKING Heroism.
  8662 | D:9      | 8662 ||| INVOKING Heroism.
  8764 | D:9      | 8764 ||| INVOKING Heroism.
  8780 | D:9      | 8780 ||| INVOKING Heroism.
  9004 | D:9      | Reached XP level 11. HP: 99/99 MP: 13/13
  9115 | D:9      | 9115 ||| UPGRADING to +0 troll leather armour.
  9125 | D:9      | 9125 ||| DROPPING +0 steam dragon scales.
  9131 | D:10     | Entered Level 10 of the Dungeon
  9161 | D:10     | Noticed Grum
  9162 | D:10     | 9162 ||| INVOKING Heroism.
  9178 | D:10     | Killed Grum
  9188 | D:10     | Reached *** piety under Okawaru
  9404 | D:10     | 9404 ||| INVOKING Heroism.
  9616 | D:10     | Noticed a two-headed ogre
  9617 | D:10     | 9617 ||| INVOKING Heroism.
  9632 | D:10     | Killed a two-headed ogre
  9710 | D:10     | 9710 ||| INVOKING Heroism.
 10053 | D:10     | Noticed Lodul
 10054 | D:10     | 10054 ||| INVOKING Heroism.
 10060 | D:10     | Killed Lodul
 10061 | D:10     | Reached skill level 9 in Dodging
 10275 | D:11     | Reached **** piety under Okawaru
 10288 | D:11     | Found a staircase to the Orcish Mines.
 10292 | D:11     | 10292 ||| Stepping ~*~*~tactically~*~*~ (outnumbered).
 10388 | D:11     | 10388 ||| INVOKING Heroism.
 10389 | D:11     | 10389 ||| SWAPPING to +0 orcbow.
 10405 | D:11     | 10405 ||| DROPPING +1 shortbow of freezing.
 10448 | D:11     | 10448 ||| INVOKING Heroism.
 10484 | D:11     | Found a staircase to the Lair.
 10485 | D:11     | 10485 ||| INVOKING Heroism.
 10532 | D:11     | Noticed a two-headed ogre
 10533 | D:11     | 10533 ||| INVOKING Heroism.
 10539 | D:11     | Killed a two-headed ogre
 10793 | D:11     | 10793 ||| PLANNING LAIR
 10806 | Lair:1   | Entered Level 1 of the Lair of Beasts
 10807 | Lair:1   | 10807 ||| INVOKING Heroism.
 10820 | Lair:1   | 10820 ||| STAIRDANCE
 10821 | D:11     | HP: 26/104 [poisoned by a cane toad]
 10822 | D:11     | 10822 ||| READING 2 scrolls of teleportation.
 10823 | D:11     | 10823 ||| DRINKING potion of heal wounds.
 10827 | D:11     | HP: 22/104 [rime drake/icy flash freeze (10)]
 10832 | D:11     | HP: 22/104 [poisoned by a cane toad]
 11056 | Lair:1   | 11056 ||| INVOKING Heroism.
 11063 | Lair:1   | Reached XP level 12. HP: 112/112 MP: 12/15
 11103 | Lair:1   | Reached skill level 6 in Invocations
 11107 | Lair:1   | 11107 ||| INVOKING Heroism.
 11119 | Lair:1   | Reached skill level 15 in Ranged Weapons
 11153 | Lair:1   | 11153 ||| INVOKING Heroism.
 11440 | Lair:1   | Reached ***** piety under Okawaru
 11792 | Lair:1   | 11792 ||| FLEEEEING.
 11793 | Lair:1   | 11793 ||| FLEEEEING.
 11797 | Lair:1   | 11797 ||| FLEEEEING.
 11798 | Lair:1   | 11798 ||| FLEEEEING.
 11911 | Lair:1   | 11911 ||| INVOKING Heroism.
 12277 | Lair:1   | 12277 ||| READING scroll labelled XEM OSIOSHURULA.
 12278 | Lair:1   | 12278 ||| READING scroll labelled YPHIDE ODDEIX FYL.
 12279 | Lair:1   | 12279 ||| READING 4 scrolls of identify.
 12279 | Lair:1   | 12279 ||| IDENTIFYING bubbling emerald potion
 12364 | Lair:2   | 12364 ||| FLEEEEING.
 12365 | Lair:2   | 12365 ||| FLEEEEING.
 12392 | Lair:2   | Reached skill level 16 in Ranged Weapons
 12395 | Lair:2   | 12395 ||| INVOKING Heroism.
 12410 | Lair:2   | Reached skill level 12 in Fighting
 12435 | Lair:2   | 12435 ||| INVOKING Heroism.
 12528 | Lair:2   | 12528 ||| INVOKING Heroism.
 12530 | Lair:2   | Reached skill level 6 in Armour
 12647 | Lair:2   | Noticed qw's ghost (journeyman GrFi)
 12767 | Lair:2   | Found a runed translucent gate.
 12767 | Lair:2   | Found a runed translucent gate.
 12767 | Lair:2   | Found a runed translucent gate.
 12779 | Lair:2   | Reached skill level 9 in Invocations
 13154 | Lair:2   | 13154 ||| UPGRADING to scarf of resistance.
 13258 | Lair:3   | 13258 ||| INVOKING Heroism.
 13403 | Lair:3   | Found a hole to the Spider Nest.
 13490 | Lair:3   | 13490 ||| READING scroll of enchant armour.
 13490 | Lair:3   | 13490 ||| ENCHANTING +0 pair of gloves.
 13537 | Lair:3   | 13537 ||| FLEEEEING.
 13539 | Lair:3   | 13539 ||| FLEEEEING.
 13548 | Lair:3   | 13548 ||| FLEEEEING.
 13549 | Lair:3   | 13549 ||| FLEEEEING.
 13550 | Lair:3   | 13550 ||| FLEEEEING.
 13551 | Lair:3   | 13551 ||| FLEEEEING.
 13552 | Lair:3   | 13552 ||| FLEEEEING.
 13553 | Lair:3   | 13553 ||| FLEEEEING.
 13554 | Lair:3   | 13554 ||| FLEEEEING.
 13555 | Lair:3   | 13555 ||| FLEEEEING.
 13556 | Lair:3   | 13556 ||| FLEEEEING.
 13557 | Lair:3   | 13557 ||| FLEEEEING.
 13558 | Lair:3   | 13558 ||| FLEEEEING.
 13559 | Lair:3   | 13559 ||| FLEEEEING.
 13560 | Lair:3   | 13560 ||| FLEEEEING.
 13561 | Lair:3   | 13561 ||| FLEEEEING.
 13562 | Lair:3   | 13562 ||| FLEEEEING.
 13563 | Lair:3   | 13563 ||| FLEEEEING.
 13564 | Lair:3   | 13564 ||| FLEEEEING.
 13565 | Lair:3   | 13565 ||| FLEEEEING.
 13566 | Lair:3   | 13566 ||| FLEEEEING.
 13567 | Lair:3   | 13567 ||| FLEEEEING.
 13568 | Lair:3   | 13568 ||| FLEEEEING.
 13569 | Lair:3   | 13569 ||| FLEEEEING.
 13570 | Lair:3   | 13570 ||| FLEEEEING.
 13571 | Lair:3   | 13571 ||| FLEEEEING.
 13572 | Lair:3   | 13572 ||| FLEEEEING.
 13573 | Lair:3   | 13573 ||| FLEEEEING.
 13574 | Lair:3   | 13574 ||| FLEEEEING.
 13575 | Lair:3   | 13575 ||| FLEEEEING.
 13581 | Lair:3   | 13581 ||| FLEEEEING.
 13582 | Lair:3   | 13582 ||| FLEEEEING.
 13583 | Lair:3   | 13583 ||| FLEEEEING.
 13584 | Lair:3   | 13584 ||| FLEEEEING.
 13585 | Lair:3   | 13585 ||| FLEEEEING.
 13586 | Lair:3   | 13586 ||| FLEEEEING.
 13587 | Lair:3   | 13587 ||| FLEEEEING.
 13588 | Lair:3   | 13588 ||| FLEEEEING.
 13590 | Lair:3   | 13590 ||| FLEEEEING.
 13591 | Lair:3   | 13591 ||| FLEEEEING.
 13592 | Lair:3   | 13592 ||| FLEEEEING.
 13593 | Lair:3   | 13593 ||| FLEEEEING.
 13594 | Lair:3   | 13594 ||| FLEEEEING.
 13595 | Lair:3   | 13595 ||| FLEEEEING.
 13596 | Lair:3   | 13596 ||| FLEEEEING.
 13597 | Lair:3   | 13597 ||| FLEEEEING.
 13598 | Lair:3   | 13598 ||| FLEEEEING.
 13599 | Lair:3   | 13599 ||| FLEEEEING.
 13600 | Lair:3   | 13600 ||| FLEEEEING.
 13601 | Lair:3   | 13601 ||| FLEEEEING.
 13602 | Lair:3   | 13602 ||| STAIRDANCE
 13695 | Lair:3   | 13695 ||| INVOKING Heroism.
 13719 | Lair:3   | Reached XP level 13. HP: 55/119 MP: 19/19
 13885 | Lair:3   | 13885 ||| INVOKING Heroism.
 13943 | Lair:3   | Found a staircase to the Shoals.
 13949 | Lair:3   | 13949 ||| Stepping ~*~*~tactically~*~*~ (water).
 13994 | Lair:3   | 13994 ||| FLEEEEING.
 13995 | Lair:3   | 13995 ||| FLEEEEING.
 13996 | Lair:3   | 13996 ||| FLEEEEING.
 13997 | Lair:3   | 13997 ||| FLEEEEING.
 13998 | Lair:3   | 13998 ||| FLEEEEING.
 13999 | Lair:3   | 13999 ||| FLEEEEING.
 14000 | Lair:3   | 14000 ||| FLEEEEING.
 14001 | Lair:3   | 14001 ||| FLEEEEING.
 14002 | Lair:3   | 14002 ||| FLEEEEING.
 14003 | Lair:3   | 14003 ||| FLEEEEING.
 14004 | Lair:3   | 14004 ||| FLEEEEING.
 14005 | Lair:3   | 14005 ||| STAIRDANCE
 14223 | Lair:3   | 14223 ||| INVOKING Heroism.
 14312 | Lair:4   | 14312 ||| STAIRDANCE
 14318 | Lair:3   | 14318 ||| INVOKING Heroism.
 14396 | Lair:4   | 14396 ||| STAIRDANCE
 14452 | Lair:4   | 14452 ||| INVOKING Heroism.
 14579 | Lair:4   | 14579 ||| SWAPPING to +0 arbalest.
 14583 | Lair:4   | 14583 ||| INVOKING Heroism.
 14602 | Lair:4   | 14602 ||| DROPPING +0 orcbow.
 14626 | Lair:4   | 14626 ||| FLEEEEING.
 14628 | Lair:4   | 14628 ||| FLEEEEING.
 14630 | Lair:4   | 14630 ||| INVOKING Heroism.
 14634 | Lair:4   | 14634 ||| INVOKING Finesse.
 14690 | Lair:4   | 14690 ||| INVOKING Heroism.
 14697 | Lair:4   | 14697 ||| DRINKING potion of cancellation.
 14716 | Lair:4   | 14716 ||| INVOKING Heroism.
 14837 | Lair:4   | 14837 ||| INVOKING Heroism.
 14862 | Lair:4   | Reached skill level 17 in Ranged Weapons
 15245 | Lair:4   | 15245 ||| INVOKING Heroism.
 15416 | Lair:4   | 15416 ||| READING scroll labelled BOMMIQ FIAJEPA.
 15434 | Lair:5   | Entered Level 5 of the Lair of Beasts
 15449 | Lair:5   | 15449 ||| INVOKING Heroism.
 15454 | Lair:5   | 15454 ||| FLEEEEING.
 15455 | Lair:5   | 15455 ||| FLEEEEING.
 15456 | Lair:5   | 15456 ||| FLEEEEING.
 15457 | Lair:5   | 15457 ||| FLEEEEING.
 15458 | Lair:5   | 15458 ||| FLEEEEING.
 15459 | Lair:5   | 15459 ||| FLEEEEING.
 15460 | Lair:5   | 15460 ||| FLEEEEING.
 15461 | Lair:5   | 15461 ||| STAIRDANCE
 15539 | Lair:5   | 15539 ||| INVOKING Heroism.
 15581 | Lair:5   | Found a sparkling altar of Nemelex Xobeh.
 15627 | Lair:5   | 15627 ||| INVOKING Heroism.
 15688 | Lair:5   | 15688 ||| INVOKING Heroism.
 16041 | Lair:5   | Reached skill level 18 in Ranged Weapons
 16046 | Lair:5   | 16046 ||| INVOKING Heroism.
 16144 | Lair:5   | 16144 ||| INVOKING Heroism.
 16163 | Lair:5   | 16163 ||| INVOKING Finesse.
 16167 | Lair:5   | HP: 24/123 [death yak (8)]
 16168 | Lair:5   | 16168 ||| READING 3 scrolls of teleportation.
 16173 | Lair:5   | HP: 18/124 [death yak (2)]
 16275 | Lair:5   | 16275 ||| INVOKING Heroism.
 16348 | Lair:5   | 16348 ||| INVOKING Heroism.
 16429 | Lair:5   | 16429 ||| INVOKING Heroism.
 16435 | Lair:5   | Reached XP level 14. HP: 85/132 MP: 18/20
 16635 | Lair:5   | 16635 ||| INVOKING Heroism.
 16819 | Lair:5   | Found a viscous altar of Jiyva.
 16819 | Lair:5   | Found a staircase to the Slime Pits.
 17114 | Lair:5   | Reached skill level 15 in Fighting
 17162 | Lair:5   | 17162 ||| PLANNING D
 17162 | Lair:5   | 17162 ||| READING scroll labelled QOULAU YMUAGROA.
 17372 | D:12     | Found a runed translucent door.
 17377 | D:12     | You fall into a shaft and drop 2 floors!
 17421 | D:14     | 17421 ||| INVOKING Heroism.
 17516 | D:14     | Found an ornate altar of the Wu Jian Council.
 17649 | D:14     | 17649 ||| READING 9 scrolls of identify.
 17649 | D:14     | 17649 ||| IDENTIFYING smoky blue potion
 17665 | D:13     | 17665 ||| INVOKING Heroism.
 17666 | D:13     | 17666 ||| INVOKING Finesse.
 17713 | D:13     | Identified the +7 long sword "Pivou" {heavy, rPois Int+5}
 17752 | D:13     | 17752 ||| INVOKING Heroism.
 17754 | D:13     | 17754 ||| READING 2 scrolls of teleportation.
 17858 | D:13     | 17858 ||| INVOKING Heroism.
 17993 | D:12     | 17993 ||| INVOKING Heroism.
 17994 | D:12     | Received a gift from Okawaru
 18055 | D:12     | 18055 ||| SWAPPING to +2 heavy longbow.
 18056 | D:12     | 18056 ||| DROPPING +0 arbalest.
 18092 | D:12     | Noticed collin38's ghost (journeyman MiBe)
 18168 | D:12     | 18168 ||| INVOKING Heroism.
 18170 | D:12     | 18170 ||| READING scroll of teleportation.
 18283 | D:12     | 18283 ||| INVOKING Heroism.
 18284 | D:12     | 18284 ||| INVOKING Finesse.
 18288 | D:12     | 18288 ||| DRINKING 6 potions of curing.
 18288 | D:12     | 18288 ||| (to cure confusion)
 18334 | D:12     | 18334 ||| DRINKING 5 potions of curing.
 18334 | D:12     | 18334 ||| (to cure confusion)
 18595 | D:13     | 18595 ||| STAIRDANCE
 18699 | D:13     | Noticed Erolcha
 18700 | D:13     | 18700 ||| INVOKING Heroism.
 18702 | D:13     | Killed Erolcha
 18808 | D:13     | 18808 ||| READING scroll of enchant armour.
 18808 | D:13     | 18808 ||| ENCHANTING +1 pair of gloves.
 18817 | D:13     | 18817 ||| INVOKING Heroism.
 18949 | D:13     | Noticed Nessos
 18954 | D:13     | Killed Nessos
 18955 | D:13     | Reached skill level 19 in Ranged Weapons
 18987 | D:13     | 18987 ||| SWAPPING to +3 longbow of flaming.
 18988 | D:13     | 18988 ||| DROPPING +1 shortbow of flaming.
 18989 | D:13     | 18989 ||| DROPPING +2 heavy longbow.
 19060 | D:13     | 19060 ||| UPGRADING to ring of see invisible.
 19149 | D:13     | Found a gate to the Vaults.
 19151 | D:13     | 19151 ||| INVOKING Heroism.
 19619 | D:15     | Entered Level 15 of the Dungeon
 19635 | D:15     | 19635 ||| INVOKING Heroism.
 19757 | D:15     | 19757 ||| INVOKING Heroism.
 19762 | D:15     | 19762 ||| Stepping ~*~*~tactically~*~*~ (outnumbered).
 19824 | D:15     | Found a staircase to the Depths.
 19856 | D:15     | Reached XP level 15. HP: 135/144 MP: 21/21
 19871 | D:15     | 19871 ||| Stepping ~*~*~tactically~*~*~ (outnumbered).
 19873 | D:15     | 19873 ||| FLEEEEING.
 19949 | D:15     | Reached skill level 20 in Ranged Weapons
 19961 | D:15     | 19961 ||| INVOKING Heroism.
 19968 | D:15     | HP: 36/144 [poisoned by a green ugly thing]
 19969 | D:15     | 19969 ||| READING scroll of teleportation.
 19970 | D:15     | 19970 ||| DRINKING 2 potions of heal wounds.
 19973 | D:15     | HP: 29/144 [poisoned by a green ugly thing]
 19978 | D:15     | HP: 15/144 [poisoned by a green ugly thing]
 19983 | D:15     | HP: 14/144 [poisoned by a green ugly thing]
 20430 | D:15     | Identified the staff of cold "Moshody" {rC+ rN+ rCorr Int+3
                  | Stlth-}
 20450 | D:15     | 20450 ||| PLANNING ORC
 20539 | Orc:1    | Entered Level 1 of the Orcish Mines
 20543 | Orc:1    | Noticed Urug
 20544 | Orc:1    | 20544 ||| INVOKING Heroism.
 20551 | Orc:1    | Killed Urug
 20552 | Orc:1    | Reached skill level 12 in Dodging
 20591 | Orc:1    | Found Wivav's Jewellery Boutique.
 20598 | Orc:1    | 20598 ||| BUYING +4 ring of slaying (1326 gold).
 20598 | Orc:1    | Bought a +4 ring of slaying for 1326 gold pieces
 20598 | Orc:1    | 20598 ||| SHOPLISTING amulet of faith (680 gold, have 461).
 20598 | Orc:1    | 20598 ||| SHOPLISTING ring "Edaadosk" {rElec rPois rF+
                  | Int+6} (948 gold, have 461).
 20598 | Orc:1    | 20598 ||| BUYING ring of fire (425 gold).
 20598 | Orc:1    | Bought a ring of fire for 425 gold pieces
 20598 | Orc:1    | 20598 ||| SHOPLISTING ring of protection from fire (425
                  | gold, have 36).
 20697 | Orc:1    | Found Hysaplad's Distillery.
 20705 | Orc:1    | 20705 ||| BUYING potion of curing (51 gold).
 20705 | Orc:1    | Bought a potion of curing for 51 gold pieces
 20705 | Orc:1    | 20705 ||| SHOPLISTING potion of curing (51 gold, have 44).
 20705 | Orc:1    | 20705 ||| SHOPLISTING potion of haste (170 gold, have 44).
 20705 | Orc:1    | 20705 ||| SHOPLISTING potion of might (68 gold, have 44).
 20705 | Orc:1    | 20705 ||| SHOPLISTING potion of mutation (136 gold, have
                  | 44).
 20725 | Orc:1    | Found a bloodstained altar of Trog.
 20865 | Orc:1    | Found Zuofiruc's Book Emporium.
 20952 | Orc:1    | Found Jauwigh's Antique Armour Emporium.
 20961 | Orc:1    | 20961 ||| BUYING dull robe (119 gold).
 20961 | Orc:1    | Bought a dull robe for 119 gold pieces
 20961 | Orc:1    | Identified the +0 robe of Complete Protection {rElec rN+}
                  | (You bought it in a shop on level 1 of the Orcish Mines)
 20961 | Orc:1    | 20961 ||| SHOPLISTING dyed leather armour (105 gold, have
                  | 63).
 21076 | Orc:1    | Noticed Jorgrun
 21077 | Orc:1    | 21077 ||| INVOKING Heroism.
 21088 | Orc:1    | Killed Jorgrun
 21097 | Orc:1    | 21097 ||| INVOKING Finesse.
 21118 | Orc:1    | Noticed Harold
 21122 | Orc:1    | Killed Harold
 21166 | Orc:1    | 21166 ||| FLEEEEING.
 21168 | Orc:1    | 21168 ||| FLEEEEING.
 21172 | Orc:1    | 21172 ||| FLEEEEING.
 21173 | Orc:1    | 21173 ||| FLEEEEING.
 21174 | Orc:1    | 21174 ||| FLEEEEING.
 21175 | Orc:1    | 21175 ||| FLEEEEING.
 21201 | Orc:1    | Noticed Sonja
 21202 | Orc:1    | 21202 ||| Stepping ~*~*~tactically~*~*~ (outnumbered).
 21205 | Orc:1    | 21205 ||| INVOKING Finesse.
 21206 | Orc:1    | 21206 ||| Stepping ~*~*~tactically~*~*~ (outnumbered).
 21211 | Orc:1    | Killed Sonja
 21253 | Orc:1    | 21253 ||| Stepping ~*~*~tactically~*~*~ (outnumbered).
 21254 | Orc:1    | 21254 ||| Stepping ~*~*~tactically~*~*~ (outnumbered).
 21256 | Orc:1    | 21256 ||| Stepping ~*~*~tactically~*~*~ (outnumbered).
 21258 | Orc:1    | 21258 ||| Stepping ~*~*~tactically~*~*~ (outnumbered).
 21293 | Orc:1    | 21293 ||| INVOKING Heroism.
 21337 | Orc:1    | Noticed Fannar
 21348 | Orc:1    | Killed Fannar
 21454 | Orc:1    | 21454 ||| INVOKING Heroism.
 21656 | Orc:1    | 21656 ||| DROPPING +0 robe of Complete Protection {rElec
                  | rN+}.
 21657 | Orc:1    | 21657 ||| DROPPING ring of positive energy.
 21658 | Orc:1    | 21658 ||| DROPPING ring of protection from cold.
 21709 | Orc:2    | Entered Level 2 of the Orcish Mines
 21720 | Orc:2    | 21720 ||| INVOKING Heroism.
 21862 | Orc:2    | 21862 ||| INVOKING Heroism.
 21899 | Orc:2    | 21899 ||| INVOKING Heroism.
 21918 | Orc:2    | 21918 ||| Stepping ~*~*~tactically~*~*~ (outnumbered).
 21934 | Orc:2    | HP: 26/147 [orc warrior/+2 glaive of distortion (12)]
 21935 | Orc:2    | 21935 ||| READING scroll of teleportation.
 21936 | Orc:2    | 21936 ||| DRINKING potion of heal wounds.
 21940 | Orc:2    | 21940 ||| Stepping ~*~*~tactically~*~*~ (outnumbered).
 21955 | Orc:2    | 21955 ||| INVOKING Finesse.
 22077 | Orc:2    | Found Uboesch's Jewellery Shoppe.
 22083 | Orc:2    | Found Zenut's General Store.
 22084 | Orc:2    | Found Icilyvev's Armour Shop.
 22086 | Orc:2    | 22086 ||| BUYING +5 ring of evasion (468 gold).
 22086 | Orc:2    | Bought a +5 ring of evasion for 468 gold pieces
 22086 | Orc:2    | 22086 ||| SHOPLISTING amulet of faith (520 gold, have 85).
 22086 | Orc:2    | 22086 ||| SHOPLISTING amulet of regeneration (390 gold,
                  | have 85).
 22086 | Orc:2    | 22086 ||| SHOPLISTING amulet of the Rotten God {Faith rPois
                  | rC- Str+2 Dex+6} (793 gold, have 85).
 22091 | Orc:2    | 22091 ||| SHOPLISTING +1 cloak (184 gold, have 85).
 22091 | Orc:2    | 22091 ||| BUYING potion of heal wounds (80 gold).
 22091 | Orc:2    | Bought a potion of heal wounds for 80 gold pieces
 22094 | Orc:2    | Found Isikhlera's Distillery.
 22097 | Orc:2    | 22097 ||| SHOPLISTING +2 pair of boots of flying (322 gold,
                  | have 5).
 22097 | Orc:2    | 22097 ||| SHOPLISTING +3 pair of seven-league boots
                  | {Rampage+∞} (600 gold, have 5).
 22102 | Orc:2    | 22102 ||| SHOPLISTING 2 potions of magic (240 gold, have
                  | 5).
 22102 | Orc:2    | 22102 ||| SHOPLISTING potion of haste (150 gold, have 5).
 22118 | Orc:2    | 22118 ||| Stepping ~*~*~tactically~*~*~ (outnumbered).
 22122 | Orc:2    | 22122 ||| Stepping ~*~*~tactically~*~*~ (outnumbered).
 22124 | Orc:2    | 22124 ||| Stepping ~*~*~tactically~*~*~ (outnumbered).
 22163 | Orc:2    | Found Roblal's Magic Scroll Emporium.
 22171 | Orc:2    | 22171 ||| SHOPLISTING scroll of teleportation (33 gold,
                  | have 5).
 22174 | Orc:2    | Found a staircase to the Elven Halls.
 22503 | Orc:2    | 22503 ||| PLANNING SHOALS:1-3
 22503 | Orc:2    | 22503 ||| UPGRADING to +5 ring of evasion.
 22505 | Orc:2    | 22505 ||| DROPPING +4 ring of slaying {mikee}.
 22678 | Shoals:1 | Entered Level 1 of the Shoals
 22684 | Shoals:1 | 22684 ||| Stepping ~*~*~tactically~*~*~ (outnumbered).
 22686 | Shoals:1 | 22686 ||| Stepping ~*~*~tactically~*~*~ (outnumbered).
 22690 | Shoals:1 | 22690 ||| STAIRDANCE
 22723 | Shoals:1 | Received a gift from Okawaru
 22724 | Shoals:1 | Reached skill level 18 in Fighting
 22729 | Shoals:1 | 22729 ||| Stepping ~*~*~tactically~*~*~ (outnumbered).
 22738 | Shoals:1 | Noticed Frances
 22739 | Shoals:1 | 22739 ||| INVOKING Heroism.
 22740 | Shoals:1 | 22740 ||| INVOKING Finesse.
 22741 | Shoals:1 | 22741 ||| Stepping ~*~*~tactically~*~*~ (outnumbered).
 22785 | Shoals:1 | Killed Frances
 22825 | Shoals:1 | 22825 ||| Stepping ~*~*~tactically~*~*~ (water).
 22895 | Shoals:1 | Reached XP level 16. HP: 157/157 MP: 22/22
 22922 | Shoals:1 | 22922 ||| Stepping ~*~*~tactically~*~*~ (water).
 22927 | Shoals:1 | 22927 ||| Stepping ~*~*~tactically~*~*~ (water).
 23009 | Shoals:1 | Reached skill level 9 in Armour
 23053 | Shoals:1 | Found a burning altar of Makhleb.
 23054 | Shoals:1 | 23054 ||| Stepping ~*~*~tactically~*~*~ (water).
 23055 | Shoals:1 | 23055 ||| Stepping ~*~*~tactically~*~*~ (water).
 23083 | Shoals:1 | Found a runed translucent gate.
 23083 | Shoals:1 | Found a runed translucent gate.
 23084 | Shoals:1 | Found a runed translucent gate.
 23085 | Shoals:1 | Noticed qw's ghost (adept MiHu)
 23156 | Shoals:1 | 23156 ||| Stepping ~*~*~tactically~*~*~ (water).
 23167 | Shoals:1 | Received a gift from Okawaru
 23563 | Shoals:1 | 23563 ||| UPGRADING to +2 hat.
 23989 | Shoals:2 | 23989 ||| Stepping ~*~*~tactically~*~*~ (water).
 24032 | Shoals:2 | 24032 ||| READING scroll of enchant weapon.
 24032 | Shoals:2 | 24032 ||| ENCHANTING +3 longbow of flaming.
 24038 | Shoals:2 | Identified the +1 robe of Wasted Space {Slay+3}
 24169 | Shoals:2 | 24169 ||| DROPPING +1 robe of Wasted Space {Slay+3}.
 24248 | Shoals:3 | 24248 ||| READING scroll of enchant weapon.
 24248 | Shoals:3 | 24248 ||| ENCHANTING +4 longbow of flaming.
 24257 | Shoals:3 | 24257 ||| Stepping ~*~*~tactically~*~*~ (water).
 24272 | Shoals:3 | 24272 ||| INVOKING Heroism.
 24275 | Shoals:3 | 24275 ||| Stepping ~*~*~tactically~*~*~ (water).
 24445 | Shoals:3 | 24445 ||| INVOKING Heroism.
 24449 | Shoals:3 | 24449 ||| Stepping ~*~*~tactically~*~*~ (water).
 24450 | Shoals:3 | 24450 ||| Stepping ~*~*~tactically~*~*~ (water).
 24483 | Shoals:3 | Noticed a kraken
 24484 | Shoals:3 | 24484 ||| UPGRADING to amulet of faith.
 24494 | Shoals:3 | 24494 ||| INVOKING Heroism.
 24510 | Shoals:3 | 24510 ||| Stepping ~*~*~tactically~*~*~ (water).
 24511 | Shoals:3 | 24511 ||| INVOKING Heroism.
 24513 | Shoals:3 | Killed a kraken
 24694 | Shoals:3 | 24694 ||| INVOKING Heroism.
 24695 | Shoals:3 | 24695 ||| Stepping ~*~*~tactically~*~*~ (water).
 24708 | Shoals:3 | 24708 ||| Stepping ~*~*~tactically~*~*~ (water).
 24724 | Shoals:3 | Found Haem's Jewellery Emporium.
 24733 | Shoals:3 | 24733 ||| SHOPLISTING amulet "Jofrafib" {Acrobat rCorr
                  | Int+3} (684 gold, have 473).
 24733 | Shoals:3 | 24733 ||| BUYING amulet of regeneration (420 gold).
 24733 | Shoals:3 | Bought an amulet of regeneration for 420 gold pieces
 24733 | Shoals:3 | 24733 ||| SHOPLISTING ring of Pasmi {rF+ Int+2 Stlth+} (546
                  | gold, have 53).
 24733 | Shoals:3 | 24733 ||| SHOPLISTING ring of poison resistance (280 gold,
                  | have 53).
 24733 | Shoals:3 | Found a runed translucent door.
 24733 | Shoals:3 | Noticed Kaerusk's ghost (adept KoBe)
 24775 | Shoals:3 | 24775 ||| FLEEEEING.
 24776 | Shoals:3 | 24776 ||| FLEEEEING.
 24777 | Shoals:3 | 24777 ||| FLEEEEING.
 24890 | Shoals:3 | 24890 ||| PLANNING SPIDER:1-3
 24901 | Shoals:2 | Noticed Kirke
 24902 | Shoals:2 | 24902 ||| INVOKING Heroism.
 24919 | Shoals:2 | Killed Kirke
 24979 | Spider:1 | Entered Level 1 of the Spider Nest
 24994 | Spider:1 | 24994 ||| STAIRDANCE
 25081 | Spider:1 | Reached skill level 15 in Dodging
 25175 | Spider:1 | 25175 ||| Stepping ~*~*~tactically~*~*~ (outnumbered).
 25208 | Spider:1 | 25208 ||| DRINKING 11 potions of curing.
 25208 | Spider:1 | 25208 ||| (to cure bad poison)
 25210 | Spider:1 | 25210 ||| INVOKING Heroism.
 25472 | Spider:1 | 25472 ||| FLEEEEING.
 25473 | Spider:1 | 25473 ||| FLEEEEING.
 25474 | Spider:1 | 25474 ||| FLEEEEING.
 25755 | Spider:1 | 25755 ||| FLEEEEING.
 25768 | Spider:1 | 25768 ||| FLEEEEING.
 25776 | Spider:1 | 25776 ||| FLEEEEING.
 25777 | Spider:1 | 25777 ||| FLEEEEING.
 25778 | Spider:1 | 25778 ||| FLEEEEING.
 25779 | Spider:1 | 25779 ||| FLEEEEING.
 25780 | Spider:1 | 25780 ||| FLEEEEING.
 25781 | Spider:1 | 25781 ||| FLEEEEING.
 25782 | Spider:1 | 25782 ||| FLEEEEING.
 25783 | Spider:1 | 25783 ||| FLEEEEING.
 25784 | Spider:1 | 25784 ||| FLEEEEING.
 25785 | Spider:1 | 25785 ||| FLEEEEING.
 25786 | Spider:1 | 25786 ||| FLEEEEING.
 25787 | Spider:1 | 25787 ||| FLEEEEING.
 25788 | Spider:1 | 25788 ||| FLEEEEING.
 25789 | Spider:1 | 25789 ||| FLEEEEING.
 25790 | Spider:1 | 25790 ||| FLEEEEING.
 25791 | Spider:1 | 25791 ||| FLEEEEING.
 25792 | Spider:1 | 25792 ||| FLEEEEING.
 25793 | Spider:1 | 25793 ||| FLEEEEING.
 25794 | Spider:1 | 25794 ||| FLEEEEING.
 25795 | Spider:1 | 25795 ||| FLEEEEING.
 25796 | Spider:1 | 25796 ||| FLEEEEING.
 25797 | Spider:1 | 25797 ||| FLEEEEING.
 25798 | Spider:1 | 25798 ||| FLEEEEING.
 25799 | Spider:1 | 25799 ||| FLEEEEING.
 25800 | Spider:1 | 25800 ||| FLEEEEING.
 25801 | Spider:1 | 25801 ||| FLEEEEING.
 25802 | Spider:1 | 25802 ||| FLEEEEING.
 25803 | Spider:1 | 25803 ||| FLEEEEING.
 25804 | Spider:1 | 25804 ||| FLEEEEING.
 25805 | Spider:1 | 25805 ||| FLEEEEING.
 25923 | Spider:1 | 25923 ||| INVOKING Finesse.
 25960 | Spider:1 | 25960 ||| READING scroll of enchant weapon.
 25960 | Spider:1 | 25960 ||| ENCHANTING +5 longbow of flaming.
 26412 | Spider:2 | 26412 ||| DRINKING 10 potions of curing.
 26412 | Spider:2 | 26412 ||| (to cure confusion)
 26634 | Spider:2 | 26634 ||| DRINKING 4 potions of resistance.
 26646 | Spider:2 | 26646 ||| INVOKING Heroism.
 26651 | Spider:2 | 26651 ||| FLEEEEING.
 26652 | Spider:2 | 26652 ||| FLEEEEING.
 26653 | Spider:2 | 26653 ||| FLEEEEING.
 26654 | Spider:2 | 26654 ||| FLEEEEING.
 26980 | Spider:2 | 26980 ||| INVOKING Finesse.
 27012 | Spider:2 | 27012 ||| INVOKING Heroism.
 27085 | Spider:2 | 27085 ||| Stepping ~*~*~tactically~*~*~ (outnumbered).
 27087 | Spider:2 | 27087 ||| INVOKING Heroism.
 27090 | Spider:2 | 27090 ||| Stepping ~*~*~tactically~*~*~ (outnumbered).
 27106 | Spider:2 | Received a gift from Okawaru
 27142 | Spider:2 | 27142 ||| DROPPING +4 longbow of flaming.
 27199 | Spider:2 | 27199 ||| INVOKING Heroism.
 27287 | Spider:2 | 27287 ||| FLEEEEING.
 27439 | Spider:2 | Identified a scroll of acquirement
 27449 | Spider:2 | 27449 ||| READING scroll of acquirement.
 27449 | Spider:2 | 27449 ||| ACQUIRING +1 triple crossbow of freezing
 27449 | Spider:2 | Acquired a +1 triple crossbow of freezing
 27451 | Spider:2 | 27451 ||| SWAPPING to +1 triple crossbow of freezing.
 27627 | Spider:2 | 27627 ||| DROPPING ring of fire.
 27702 | Spider:3 | 27702 ||| INVOKING Heroism.
 27785 | Spider:3 | Reached XP level 17. HP: 162/170 MP: 23/23
 27919 | Spider:3 | 27919 ||| INVOKING Heroism.
 27920 | Spider:3 | 27920 ||| Stepping ~*~*~tactically~*~*~ (outnumbered).
 27944 | Spider:3 | 27944 ||| INVOKING Heroism.
 28897 | Spider:3 | 28897 ||| PLANNING SHOALS:4
 29005 | Shoals:4 | Entered Level 4 of the Shoals
 29011 | Shoals:4 | 29011 ||| STAIRDANCE
 29112 | Shoals:4 | 29112 ||| Stepping ~*~*~tactically~*~*~ (water).
 29113 | Shoals:4 | 29113 ||| Stepping ~*~*~tactically~*~*~ (outnumbered).
 29173 | Shoals:4 | 29173 ||| INVOKING Heroism.
 29250 | Shoals:4 | Found Wiaceah's Book Boutique.
 29253 | Shoals:4 | 29253 ||| READING scroll of enchant weapon.
 29253 | Shoals:4 | 29253 ||| ENCHANTING +1 triple crossbow of freezing.
 29301 | Shoals:4 | 29301 ||| INVOKING Heroism.
 29303 | Shoals:4 | 29303 ||| Stepping ~*~*~tactically~*~*~ (outnumbered).
 29322 | Shoals:4 | HP: 40/170 [merfolk impaler/+4 trident of venom (22)]
 29323 | Shoals:4 | 29323 ||| READING 4 scrolls of teleportation.
 29324 | Shoals:4 | 29324 ||| DRINKING 4 potions of heal wounds.
 29325 | Shoals:4 | 29325 ||| Stepping ~*~*~tactically~*~*~ (water).
 29427 | Shoals:4 | 29427 ||| INVOKING Heroism.
 29442 | Shoals:4 | Reached skill level 21 in Ranged Weapons
 29479 | Shoals:4 | Noticed a kraken
 29481 | Shoals:4 | 29481 ||| INVOKING Heroism.
 29488 | Shoals:4 | 29488 ||| Stepping ~*~*~tactically~*~*~ (water).
 29495 | Shoals:4 | 29495 ||| INVOKING Heroism.
 29506 | Shoals:4 | Killed a kraken
 29510 | Shoals:4 | HP: 38/170 [merfolk javelineer/javelin (11)]
 29511 | Shoals:4 | 29511 ||| READING 3 scrolls of teleportation.
 29512 | Shoals:4 | 29512 ||| DRINKING 3 potions of heal wounds.
 29513 | Shoals:4 | 29513 ||| DRINKING 2 potions of heal wounds.
 29685 | Shoals:4 | 29685 ||| INVOKING Heroism.
 29784 | Shoals:4 | 29784 ||| INVOKING Heroism.
 29824 | Shoals:4 | 29824 ||| Stepping ~*~*~tactically~*~*~ (water).
 29826 | Shoals:4 | 29826 ||| Stepping ~*~*~tactically~*~*~ (water).
 29877 | Shoals:4 | 29877 ||| INVOKING Heroism.
 29879 | Shoals:4 | 29879 ||| Stepping ~*~*~tactically~*~*~ (outnumbered).
 29930 | Shoals:4 | 29930 ||| INVOKING Heroism.
 29933 | Shoals:4 | Identified the +4 flail of the Coin {freeze, rF++ MP+9}
 30003 | Shoals:4 | 30003 ||| INVOKING Heroism.
 30035 | Shoals:4 | 30035 ||| READING scroll of enchant armour.
 30035 | Shoals:4 | 30035 ||| ENCHANTING +0 pair of boots.
 30048 | Shoals:4 | Got a barnacled rune of Zot
 30081 | Shoals:4 | 30081 ||| PLANNING VAULTS:1-4
 30318 | Vaults:1 | Entered Level 1 of the Vaults
 30319 | Vaults:1 | 30319 ||| PLANNING DESOLATION
 30332 | Vaults:1 | Found a crumbling gateway.
 30339 | Vaults:1 | 30339 ||| INVOKING Heroism.
 30342 | Vaults:1 | Reached skill level 22 in Ranged Weapons
 30412 | Desolati | Entered the Desolation of Salt
 30635 | Desolati | 30635 ||| FLEEEEING.
 30636 | Desolati | 30636 ||| FLEEEEING.
 30637 | Desolati | 30637 ||| FLEEEEING.
 30638 | Desolati | 30638 ||| FLEEEEING.
 30639 | Desolati | 30639 ||| FLEEEEING.
 30642 | Desolati | 30642 ||| FLEEEEING.
 30643 | Desolati | 30643 ||| FLEEEEING.
 30679 | Desolati | 30679 ||| INVOKING Heroism.
 30708 | Desolati | 30708 ||| INVOKING Heroism.
 30708 | Desolati | HP: 38/172 [imperial myrmidon/+4 demon whip of flaming
                  | (32)]
 30709 | Desolati | 30709 ||| READING 2 scrolls of teleportation.
 30710 | Desolati | 30710 ||| DRINKING 2 potions of heal wounds.
 30716 | Desolati | HP: 41/172 [peacekeeper (9)]
 30717 | Desolati | 30717 ||| READING scroll of teleportation.
 30718 | Desolati | 30718 ||| DRINKING potion of heal wounds.
 30805 | Desolati | 30805 ||| INVOKING Heroism.
 30810 | Desolati | 30810 ||| Stepping ~*~*~tactically~*~*~ (outnumbered).
 30812 | Desolati | Received a gift from Okawaru
 30813 | Desolati | Reached skill level 21 in Fighting
 30818 | Desolati | HP: 42/173 [saltling (8)]
 30820 | Desolati | 30820 ||| DRINKING 9 potions of curing.
 30820 | Desolati | 30820 ||| (to cure confusion)
 30821 | Desolati | 30821 ||| Stepping ~*~*~tactically~*~*~ (outnumbered).
 30821 | Desolati | HP: 18/173 [??? (16)]
 30822 | Desolati | HP: 4/173 [ragged hierophant/a resonance strike (16)]
 30822 | Desolati | Mangled by a saltling

Levels and vault maps discovered:
D:1:      spicycebolla_arrival_xxxplode, layout_basic, roderic_lattice_a,
          minmay_misc_feat_more_columns, minmay_misc_feat_rugged,
          minmay_misc_feat_pillars, minmay_octomino_e4
D:2:      layout_basic, hellmonk_ecumenical_altar_slurped_away
D:3:      minmay_chambers_of_twos, layout_rooms, serial_shops,
          nicolae_lakefront_shop, minmay_goblin_outpost, uniq_grinder,
          uniq_natasha
D:4:      layout_loops_corners, nicolae_ru_great_annihilating_truth,
          minmay_temple_entry_slanted, chequers_serial_rivers_micro_b
D:5:      minmay_octagon_keep, layout_basic, uniq_eustachio, uniq_ijyb,
          uniq_edmund
D:6:      layout_cave_pools, nicolae_overflow_two_pavilions
D:7:      layout_loops_ring, overflow_temple_1_default, uniq_menkaure,
          uniq_pikel
D:8:      layout_gridville, nicolae_uskayaw_suspiria, serial_shops,
          shop_fountains, minmay_sticks_and_stones
D:9:      layout_cave_pods, minivault_14
D:10:     layout_stronghold, enter_bailey_3, uniq_lodul, uniq_grum
D:11:     layout_cave_pools, erik_lair_island, orc_0_dummy
D:12:     layout_gridville, gammafunk_ghost_grave, minmay_more_statues
D:13:     layout_roguey, david_vaults_4, kennysheep_boxes, uniq_nessos,
          uniq_erolcha
D:14:     layout_roguey, nzn_wu_jian_council_hall
D:15:     grunt_enter_depths_magical_seal, layout_rooms, chequers_jeans
Temple:   sentei_temple_godly_chess
Lair:1:   lemuel_ratsnest, layout_cave_pods
Lair:2:   layout_loops_ring, gammafunk_ghost_split, infiniplex_staircase_pool
Lair:3:   layout_regular_city, elwin_shoals_entry_rooms,
          spider_nest_entry_web_field, serial_bayou_pond_b, serial_bayou_pond_e
Lair:4:   layout_roguey, beast_lair_carwin_1, lemuel_fruit_tree
Lair:5:   hangedman_lair_tendril_chambers, layout_cave_pods, slime_entry_1,
          basic_altar
Shoals:1: layout_shoals, gammafunk_ghost_tricky_traps, lemuel_altar_in_water,
          uniq_frances
Shoals:2: layout_shoals, uniq_kirke
Shoals:3: layout_shoals, hellmonk_ghost_happy_afterlife, serial_shops, shop
Shoals:4: shoals_end_hangedman, layout_shoals, portal_ice_cave_entry_pillars_1,
          serial_shops, shop
Spider:1: layout_chambers
Spider:2: layout_spider_delve, drop_trap, nicolae_spider_bzzzt
Spider:3: layout_chambers
Orc:1:    orc_temple, layout_diamond_mine, basic_altar, serial_shops, shop,
          shop, nicolae_diamond_shop, shop, nicolae_orc_lava_tube, uniq_harold,
          uniq_sonja, uniq_jorgrun, uniq_urug, uniq_fannar
Orc:2:    st_orc_open, layout_caves, serial_shops, nicolae_shop_stone
Vaults:1: portal_desolation_entry_salt, v_misc_17, vaults_room_corners,
          v_misc_24, nicolae_vaults_network_barrier, ontoclasm_vaults_chip,
          nicolae_vaults_network_quinsquares
          [nicolae_vaults_network_quincunx_subvault,
          nicolae_vaults_network_quincunx_subvault,
          nicolae_vaults_network_quincunx_subvault,
          nicolae_vaults_network_quincunx_subvault], hangedman_vaults_slice,
          hangedman_vaults_nails, nicolae_vaults_trapezoid_lopsided_1,
          layout_vaults_omnigrid
Desolation

Skill      XL: |  1  2  3  4  5  6  7  8  9 10 11 12 13 14 15 16 17 |
---------------+----------------------------------------------------+-----
Ranged Weapons | 5 6 8 9 11 12 14 16 18 19 20 22 | 22.0
Fighting       | 3 4 5 6 7 8 9 11 12 14 16 18 20 21 | 21.0
Armour         | 2 3 4 5 6 7 8 9 10 | 10.0
Dodging        | 3 5 7 9 10 11 13 16 | 16.0
Invocations    | 4 5 9 10 | 10.0
Stealth        | |  0.7

Action                     |  1- 3 |  4- 6 |  7- 9 | 10-12 | 13-15 | 16-18 || total
---------------------------+-------+-------+-------+-------+-------+-------++-------
   Fire: Shortbow          |    92 |   193 |   462 |   493 |       |       ||  1240
         Orcbow            |       |       |       |   573 |   127 |       ||   700
         Arbalest          |       |       |       |       |   519 |       ||   519
         Longbow           |       |       |       |       |   719 |   573 ||  1292
         Triple crossbow   |       |       |       |       |       |   364 ||   364
 Invoke: Heroism           |       |       |    14 |    29 |    41 |    28 ||   112
         Finesse           |       |       |       |       |     8 |     2 ||    10
    Use: Scroll            |     4 |     3 |     9 |    11 |     9 |    10 ||    46
         Potion            |       |     2 |     5 |     3 |     5 |     9 ||    24
 Armour: Leather armour    |    15 |     3 |       |       |       |       ||    18
         Ring mail         |       |    23 |   143 |       |       |       ||   166
         Steam dragon scal |       |       |       |    37 |       |       ||    37
         Troll leather arm |       |       |       |   107 |   182 |    72 ||   361
  Dodge: Dodged            |    29 |    31 |   163 |   494 |   703 |   681 ||  2101

Table legend:
 A = Non-vault XP
 B = Vault XP
 C = Vault XP percentage of total XP
 D = Non-vault monster count
 E = Vault monster count
 F = Vault count percentage of total count
                 A         B        C        D         E       F
            +---------+---------+-------+---------+---------+-------
      Total |  170133 |  105225 |  38.2 |     696 |     325 |  31.8
            +---------+---------+-------+---------+---------+-------
        D:1 |      72 |       4 |   5.3 |      30 |       3 |   9.1
        D:2 |      79 |       2 |   2.5 |      25 |       1 |   3.8
        D:3 |     169 |     345 |  67.1 |      24 |      14 |  36.8
        D:4 |     472 |      52 |   9.9 |      24 |       4 |  14.3
        D:5 |     481 |     974 |  66.9 |      18 |      15 |  45.5
        D:6 |    1092 |       0 |   0.0 |      17 |       0 |   0.0
        D:7 |    1155 |     794 |  40.7 |      17 |       2 |  10.5
        D:8 |    2167 |     526 |  19.5 |      26 |       1 |   3.7
        D:9 |    3036 |       0 |   0.0 |      37 |       0 |   0.0
       D:10 |    3025 |    2078 |  40.7 |      12 |      16 |  57.1
       D:11 |    4083 |     665 |  14.0 |      20 |       6 |  23.1
       D:12 |    6331 |    1355 |  17.6 |      19 |       2 |   9.5
       D:13 |    8035 |    2775 |  25.7 |      29 |       4 |  12.1
       D:14 |    4415 |       0 |   0.0 |       9 |       0 |   0.0
       D:15 |   10672 |    4767 |  30.9 |      24 |       9 |  27.3
     Lair:1 |    6999 |     988 |  12.4 |      29 |      42 |  59.2
     Lair:2 |    5531 |       0 |   0.0 |      21 |       0 |   0.0
     Lair:3 |    5756 |    1095 |  16.0 |      23 |       3 |  11.5
     Lair:4 |    7878 |    2725 |  25.7 |      27 |       7 |  20.6
     Lair:5 |   11163 |    9802 |  46.8 |      25 |      34 |  57.6
   Shoals:1 |   17508 |    1452 |   7.7 |      37 |       1 |   2.6
   Shoals:2 |    3682 |    2607 |  41.5 |       8 |       7 |  46.7
   Shoals:3 |   10691 |       0 |   0.0 |      19 |       0 |   0.0
   Shoals:4 |    5865 |   22820 |  79.6 |      12 |      33 |  73.3
   Spider:1 |   18184 |       0 |   0.0 |      45 |       0 |   0.0
   Spider:2 |   13630 |    3097 |  18.5 |      35 |       6 |  14.6
   Spider:3 |   12256 |       0 |   0.0 |      21 |       0 |   0.0
      Orc:1 |     997 |   10996 |  91.7 |      20 |      33 |  62.3
      Orc:2 |    4709 |   14945 |  76.0 |      43 |      37 |  46.2
   Vaults:1 |       0 |     974 | 100.0 |       0 |       3 | 100.0
 Desolation |       0 |   19387 | 100.0 |       0 |      42 | 100.0
            +---------+---------+-------+---------+---------+-------
